 Dungeon Crawl Stone Soup version 0.29.1-13-g9f3cf754e1 (webtiles) character file.

Game seed: 12299176816117680002

58 shadowmeld the Ducker (level 4, -2/35 HPs)
             Began as a Djinni Monk on Jan 29, 2023.
             Slain by a gnoll
             ... wielding a +0 halberd
              (13 damage)
             ... on level 2 of the Dungeon.
             The game lasted 00:08:04 (2008 turns).

shadowmeld the Ducker (Djinni Monk)                 Turns: 2008, Time: 00:08:04

Health: -2/35      AC:  5    Str: 12    XL:     4   Next: 20%
Gold:   98         EV: 12    Int: 11    God:
                   SH:  0    Dex: 16

rFire   + + +      SeeInvis .     - Unarmed
rCold   . . .      Faith    .   (no shield)
rNeg    . . .      Spirit   .   h - +0 ring mail
rPois   ∞          Reflect  .   (no helmet)
rElec   .          Harm     .   j - scarf {rC+ rF+}
rCorr   .          Rampage  .   (no gloves)
Will    .....                   (boots unavailable)
Stlth   +.........              c - amulet of the acrobat
HPRegen 0.11/turn               (no ring)
MPRegen 0.00/turn               (no ring)

@: flying
A: sickness immunity, fire resistance 2, cold vulnerability 1, float, innate
caster, HP casting, extra vitality 1
a: no special abilities


You were on level 2 of the Dungeon.
You visited 1 branch of the dungeon, and saw 2 of its levels.

You collected 98 gold pieces.

Inventory:

Hand Weapons
 a - a +4 dagger of protection
Armour
 h - a +0 ring mail (worn)
 j - a scarf of resistance (worn)
Jewellery
 c - an amulet of the acrobat (around neck)
 i - an amulet of faith
Scrolls
 d - a scroll of teleportation
 f - a scroll of enchant armour
 k - a scroll of poison
 l - a scroll of immolation {unknown}
 p - a scroll of noise {unknown}
 q - a scroll of brand weapon {unknown}
Potions
 b - 2 potions of ambrosia
 e - a potion of mutation
 g - a potion of heal wounds {unknown}
 m - a potion of haste {unknown}
 n - a potion of curing {unknown}
 o - a potion of resistance {unknown}


   Skills:
 * Level 3.3 Fighting
 * Level 0.8 Armour
 * Level 3.8 Dodging
 - Level 1.5 Stealth
 * Level 3.8 Unarmed Combat
 * Level 0.4 Spellcasting


You had 2 spell levels left.
You knew the following spells:

 Your Spells              Type           Power      Damage    Failure   Level
a - Freeze                Ice            4%         1d3       54%         1
Your spell library was empty.

Dungeon Overview and Level Annotations

Branches:
Dungeon (2/15)

Altars:


Innate Abilities, Weirdness & Mutations

You are immune to sickness and miasma.
You are immune to poison.
Your flesh is very heat resistant. (rF++)
You are vulnerable to cold. (rC-)
You float through the air rather than walking.
You learn spells naturally, not from books.
Your magical power is your life essence.
You have superior vitality. (+4 MHP)


Message History

You kill the rat!
A ball python comes into view.
The ball python hisses angrily.
The ball python misses you. The ball python completely misses you.
Unknown command.
You barely miss the ball python. The ball python closely misses you. x2
You hit the ball python.
You kill the ball python!
You see here a rat corpse.
A ball python comes into view.
Found 5 stones.
The ball python completely misses you. The ball python closely misses you.
You closely miss the ball python.
A gnoll comes into view. It is wielding a +0 halberd.
The ball python barely misses you. The ball python grabs you.
The ball python constricts you.
The gnoll shouts!
You hit the ball python.
The ball python is severely wounded.
The ball python barely misses you. The ball python constricts you.
You hit the ball python.
You kill the ball python!
The gnoll completely misses you. The gnoll completely misses you.
You hit the gnoll.
The gnoll is moderately wounded.
The gnoll closely misses you.
You hit the gnoll.
The gnoll is severely wounded.
The gnoll hits you with a +0 halberd.
You hit the gnoll.
The gnoll is severely wounded.
The gnoll hits you with a +0 halberd!
You hit the gnoll.
The gnoll is almost dead.
The gnoll hits you with a +0 halberd!
You hit the gnoll.
The gnoll is almost dead.
The gnoll hits you with a +0 halberd!
You die...

#...............####
+..................#
#......########.##.##
#......# #......
#.....(# ####.##
#......# #...
#......# ####
#...g..# #...@..# #
#......# ####
####......# #...
...≈.≈....# #..##
...≈.≈###.# ##..##.
...≈.≈ #.# #..##..
...≈≈≈ #.# #.##...
(..... #.# ##.#....
..... #.## #..#...#


You could see a gnoll.

Vanquished Creatures
  An adder (D:2)
  A dart slug (D:1)
  6 ball pythons
  4 endoplasms
  2 goblins
  10 hobgoblins
  2 quokkas
  3 bats
  3 frilled lizards
  7 kobolds
  6 rats
45 creatures vanquished.

Notes
Turn   | Place    | Note
-------+----------+-------------------------------------------
     0 | D:1      | shadowmeld the Djinni Monk began the quest for the Orb.
     0 | D:1      | Reached XP level 1. HP: 20/20 MP: 0/0
   248 | D:1      | Reached XP level 2. HP: 22/25 MP: 0/0
   296 | D:1      | Found a faded altar of an unknown god.
   717 | D:1      | Reached XP level 3. HP: 30/30 MP: 0/0
   717 | D:1      | Learned a level 1 spell: Freeze
  1547 | D:2      | Reached XP level 4. HP: 35/35 MP: 0/0
  2008 | D:2      | Slain by a gnoll

Illustrated notes

Levels and vault maps discovered:
D:1:      roderic_octagonal_star, layout_basic,
          nicolae_ecumenical_snake_handling, serial_curves, eino_curves_02,
          eino_curves_01
D:2:      minmay_evil_eye, layout_basic, chequers_serial_rivers_micro_d

Action                   |  1- 3 |  4- 6 || total
-------------------------+-------+-------++-------
Melee: Unarmed           |   135 |    45 ||   180
       Punch             |     3 |       ||     3
  Use: Scroll            |     4 |       ||     4
 Stab: Sleeping          |     5 |       ||     5
Armor: Robe              |     1 |       ||     1
       Ring mail         |    39 |     7 ||    46
Dodge: Dodged            |    86 |    31 ||   117
